 Dungeon Crawl Stone Soup version 0.30-a0-799-g109b55a442 (webtiles) character file.

Game seed: 3279980560601386329

61 Esekla the Sneak (level 4, 31/31 HPs)
             Began as an Octopode Delver on Feb 20, 2023.
             Quit the game on level 5 of the Dungeon.
             The game lasted 00:01:13 (197 turns).

Esekla the Sneak (Octopode Delver)                   Turns: 197, Time: 00:01:13

Health: 31/31      AC:  1    Str: 11    XL:     4   Next: 7%
Magic:  5/5        EV: 13    Int: 20    God:
Gold:   40         SH:  0    Dex: 13    Spells: 5/5 levels left

rFire   . . .      SeeInvis .    a - +0 falchion
rCold   . . .      Faith    .    (no shield)
rNeg    . . .      Spirit   .    (helmet restricted)
rPois   .          Reflect  .    (no amulet)
rElec   .          Harm     .    j - +6 ring of intelligence
rCorr   .          Rampage  .    (no ring)
Will    .....                    (no ring)
Stlth   +++++                    (no ring)
HPRegen 0.25/turn                (no ring)
MPRegen 0.09/turn                (no ring)
                                 (no ring)
                                 (no ring)

@: no status effects
A: almost no armour, amphibious, 8 rings, camouflage 1, gelatinous body 1,
(nimble swimmer 1), tentacles
a: no special abilities


You were on level 5 of the Dungeon.
You visited 1 branch of the dungeon, and saw 1 of its levels.

You collected 40 gold pieces.

Inventory:

Hand Weapons
 a - a +0 falchion (weapon)
Missiles
 c - 6 poisoned darts (quivered)
Jewellery
 j - a +6 ring of intelligence (left tentacle)
Wands
 f - a wand of digging (3)
 i - a wand of mindburst (18)
Scrolls
 b - a scroll of fog
 d - a scroll of fear
 g - a scroll of teleportation {unknown}
 h - 2 scrolls of amnesia {unknown}
 k - a scroll of silence {unknown}
Potions
 e - a potion of haste


   Skills:
 * Level 3.4 Fighting
 * Level 2.3 Long Blades
 * Level 2.3 Dodging
 + Level 7.4 Stealth
 * Level 1.0 Spellcasting


You had 5 spell levels left.
You didn't know any spells.
Your spell library was empty.

Dungeon Overview and Level Annotations

Branches:
Dungeon (5/15)
 Temple: D:4-7

Altars:
The Shining One


Innate Abilities, Weirdness & Mutations

You cannot wear most types of armour.
You are amphibious.
You can wear up to eight rings at the same time.
Your skin changes colour to match your surroundings (Stealth+).
Your rubbery body absorbs attacks. (AC +1, EV +1)
((You are camouflaged when in or above water. (Stealth+)))
You have tentacles for arms and can constrict up to eight enemies at once.


Message History

The necrophage is moderately damaged.
You constrict the necrophage, but do no damage.
The necrophage misses you.
You hit the necrophage.
The necrophage is heavily damaged.
You constrict the necrophage. The necrophage hits you.
The necrophage misses you.
You hit the necrophage.
You squeeze the necrophage, but do no damage.
The necrophage is severely damaged.
You constrict the necrophage. The necrophage barely misses you.
You hit the necrophage.
You destroy the necrophage!
Your Stealth skill increases to level 7!
Your Spellcasting skill increases to level 1!
You have reached level 2!
You have reached level 3!
Your experience leads to an increase in your attributes!
Increase (S)trength, (I)ntelligence, or (D)exterity?
You feel clever. x2
You have reached level 4!
You start resting.
Magic restored.
You start resting.
HP restored.
There is a stone staircase leading up here.
i - a wand of mindburst (18)
Found 10 gold pieces.
j - a +6 ring of intelligence You now have 27 gold pieces (gained 10).
You feel clever.
j - a +6 ring of intelligence (left tentacle)
Found 13 gold pieces.
You now have 40 gold pieces (gained 13).
You open the door.
Found a scroll labelled MADOOGR KIJOX.
There is an open door here.
k - a scroll labelled MADOOGR KIJOX
Found a glowing golden altar of the Shining One.
Are you sure you want to abandon this character and quit the game? (Confirm with "yes".)

### #.## #..## #...##
#*#....######
##.#..#......####
#._..#######.'..###
##.#..#@.....##...#
*********#*#....#########.#
*,,,,,,,** #...## #.#
*,,,,,,,,* #..## #.#
*,,,,,,,,* #.## #.#
*,,,,,,,,**### #.#
*,,,,,,,,,*###* #.#
*,,,,,,,,***..* #.#
*****,**** *#.#* #.#


There were no monsters in sight!

Vanquished Creatures
  A necrophage (D:5)
1 creature vanquished.

Notes
Turn   | Place    | Note
-------+----------+-------------------------------------------
     0 | D:5      | Esekla the Octopode Delver began the quest for the Orb.
     0 | D:5      | Reached XP level 1. HP: 16/16 MP: 1/1
     4 | D:5      | Noticed a jelly
    26 | D:5      | Noticed a hound
    38 | D:5      | Noticed a necrophage
    60 | D:5      | Killed a necrophage
    61 | D:5      | Reached skill level 7 in Stealth
    61 | D:5      | Reached skill level 1 in Spellcasting
    61 | D:5      | Reached XP level 2. HP: 10/21 MP: 1/3
    61 | D:5      | Reached XP level 3. HP: 12/26 MP: 1/4
    61 | D:5      | Reached XP level 4. HP: 14/31 MP: 1/5
   191 | D:5      | Found a glowing golden altar of the Shining One.
   197 | D:5      | Quit the game

Illustrated notes

Levels and vault maps discovered:
D:5:      layout_rooms, nicolae_tso_swordbearing_angel,
          nicolae_figureground_pulse

Skill      XL: |  1 |
---------------+----+-----
Stealth        | 7 |  7.4
Spellcasting   | 1 |  1.0
Fighting       | |  3.4
Long Blades    | |  2.3
Dodging        | |  2.3

Action                     |  1- 3 |  4- 6 || total
---------------------------+-------+-------++-------
  Melee: Falchion          |     7 |       ||     7
         Tentacles         |     2 |       ||     2
         Constrict         |     1 |       ||     1
    Use: Scroll            |     1 |       ||     1
  Dodge: Dodged            |     5 |       ||     5

Table legend: (Time is in decaauts)
 A = Elapsed time spent in this place.
 B = Non-inter-level travel time spent in this place.
 C = Inter-level travel time spent in this place.
 D = Time resting spent in this place.
 E = Time spent auto-exploring this place.
 F = Levels seen in this place.
 G = Mean time per level.
                   A        B        C        D        E       F      G
               +--------+--------+--------+--------+--------+-----+--------+
         Total |    197 |    197 |      0 |     65 |      0 |   1 |  197.0 |
       Dungeon |    197 |    197 |      0 |     65 |      0 |   1 |  197.0 |
               +--------+--------+--------+--------+--------+-----+--------+

Top non-repeatable levels by time:
     D:5: 197 daAuts
